[Event "IIFL Wealth  4th Mumbai Junior U-13"]
[Site "Mumbai"]
[Date "2019.01.03"]
[Round "5"]
[White "Srihari L R"]
[Black "Ayush Sharma"]
[Result "1-0"]
[ECO "E15"]
[WhiteElo "2316"]
[BlackElo "1778"]
[Annotator "ChessBase"]
[PlyCount "97"]
[EventDate "2018.12.30"]
[EventType "swiss"]
[EventCountry "IND"]
[SourceTitle "playchess.com"]
[Source "ChessBase"]
[SourceQuality "1"]
[TimeControl "40/5400+30:1800+30"]

1. d4 Nf6 2. c4 e6 3. Nf3 b6 4. g3 Bb7 5. Bg2 c5 6. d5 exd5 7. Nh4 g6 8. Nc3 Bg7 9. O-O O-O 10. cxd5 d6 11. Rb1 Na6 12. a3 c4 13. Nf3 Qd7 14. Nd4 Rac8 15. Bf4 Rc5 16. e4 b5 17. Nc6 Nh5 18. Be3 Rxc6 19. dxc6 Bxc6 20. Qd2 Rd8 21. Rfd1 Nf6 22. b3 Ng4 23. bxc4 bxc4 24. Bd4 Ne5 25. Nd5 Nc7 26. f4 c3 27. Qxc3 Bxd5 28. exd5 Nb5 29. Rxb5 Qxb5 30. fxe5 dxe5 31. Bxe5 Qe2 32. Re1 Bxe5 33. Qxe5 Qxe5 34. Rxe5 Kf8 35. Re3 Rd6 36. Kf2 Rb6 37. Kf3 Rf6+ 38. Kg4 Rf2 39. Kh3 h5 40. Rd3 g5 41. g4 hxg4+ 42. Kg3 Rc2 43. d6 Ke8 44. Be4 Re2 45. Bf5 Re5 46. Kxg4 Re2 47. d7+ Kd8 48. Rc3 Rg2+ 49. Kh3 1-0

[Event "IIFL Wealth  4th Mumbai Junior U-13"]
[Site "Mumbai"]
[Date "2019.01.03"]
[Round "5"]
[White "Nikhil Magizhnan"]
[Black "Vivaan Vijay Saraogi"]
[Result "1-0"]
[ECO "C44"]
[WhiteElo "2148"]
[BlackElo "1290"]
[Annotator "ChessBase"]
[PlyCount "223"]
[EventDate "2018.12.30"]
[EventType "swiss"]
[EventCountry "IND"]
[SourceTitle "playchess.com"]
[Source "ChessBase"]
[SourceQuality "1"]
[TimeControl "40/5400+30:1800+30"]

1. e4 e5 2. Nf3 Nc6 3. d4 exd4 4. Bc4 Bc5 5. Ng5 Nh6 6. Nxf7 Nxf7 7. Bxf7+ Kxf7 8. Qh5+ g6 9. Qxc5 Kg7 10. O-O d6 11. Qg5 Qxg5 12. Bxg5 Re8 13. f3 Nb4 14. Na3 Na6 15. Nb5 Re5 16. Nxc7 Nxc7 17. Bf4 Re6 18. Rad1 b6 19. Rxd4 Ba6 20. Rfd1 Nb5 21. Ra4 Bb7 22. Rb4 Nc7 23. Rxd6 Rxd6 24. Bxd6 Ne8 25. Bf4 Rd8 26. Be3 Nf6 27. Ra4 a6 28. Bxb6 Rd1+ 29. Kf2 Rd2+ 30. Ke3 Rxc2 31. Bd4 Kf7 32. Rb4 Bc8 33. Rb6 Nd7 34. Rb3 Ke7 35. Rc3 Rxc3+ 36. Bxc3 Ke6 37. Bd4 Nb8 38. Kf4 h6 39. h4 Nc6 40. Bg7 h5 41. Bc3 Nd8 42. Ke3 Nb7 43. Kf4 Nc5 44. Bd4 Nd3+ 45. Ke3 Nb4 46. Bc3 Nc6 47. Kd3 Nd8 48. Bd2 Nb7 49. Ke3 Bd7 50. b3 Bb5 51. Bb4 Bd7 52. Kf4 Bb5 53. Ke3 Bd7 54. Kd4 Bb5 55. g3 Bd7 56. Ke3 Nd8 57. Bc3 Bb5 58. Bd4 Nf7 59. Bc3 Nd8 60. Bd4 Nf7 61. Bb6 Nd6 62. Kd4 Nb7 63. Bc7 Kd7 64. Bb8 Ke6 65. Ba7 Be8 66. Bb6 Bc6 67. Ke3 Nd6 68. Bc5 Nb7 69. Bb4 Nd8 70. Kf4 Nf7 71. Bc3 Bb5 72. Bd4 Bd7 73. Bb6 Bc6 74. Ke3 Nd6 75. Bc5 Nb7 76. Bb4 Nd8 77. Ba5 Nb7 78. Bc7 Kd7 79. Bb6 Nd6 80. Kd4 Ke6 81. Kc5 Bb5 82. Bc7 Ne8 83. Bf4 Be2 84. Kb6 Nf6 85. b4 Bxf3 86. Kxa6 Bxe4 87. b5 Bd3 88. a4 Nd5 89. Bd2 Kd7 90. Ka7 Nf6 91. b6 Be4 92. b7 Bxb7 93. Kxb7 Ne4 94. Bb4 Nxg3 95. a5 Nf5 96. a6 Nxh4 97. a7 g5 98. a8=Q Ke6 99. Qe8+ Kf5 100. Qxh5 Ng2 101. Qh3+ g4 102. Qxg2 Kf4 103. Kc6 g3 104. Bd6+ Ke3 105. Qxg3+ Ke4 106. Qf4+ Kd3 107. Kd5 Kc3 108. Qe3+ Kc2 109. Kc4 Kb2 110. Qf2+ Ka1 111. Be5+ Kb1 112. Qb2# 1-0

[Event "IIFL Wealth  4th Mumbai Junior U-13"]
[Site "Mumbai"]
[Date "2019.01.03"]
[Round "5"]
[White "Manish Anto Cristiano F"]
[Black "Pingale Shivraj"]
[Result "1-0"]
[ECO "D45"]
[WhiteElo "2065"]
[BlackElo "1580"]
[Annotator "NA RC"]
[PlyCount "93"]
[EventDate "2018.12.30"]
[EventType "swiss"]
[EventCountry "IND"]
[SourceTitle "playchess.com"]
[Source "ChessBase"]
[SourceQuality "1"]
[TimeControl "40/5400+30:1800+30"]

1. d4 d5 2. c4 c6 3. Nc3 Nf6 4. e3 e6 5. Nf3 Bd6 6. Qc2 Nbd7 7. Bd3 O-O 8. O-O dxc4 9. Bxc4 b5 10. Be2 Bb7 11. e4 e5 12. Rd1 {[%emt 0:05:35] D46: Semi-Slav: 5 e3 Nbd7 6 Bd3, Black avoids the Meran} (12. dxe5 Nxe5 13. Nh4 Bc8 14. h3 Ng6 15. Nf5 Bxf5 16. exf5 Nf4 17. Bf3 Rc8 18. Rd1 Qe7 19. Be3 Rfd8 {1-0 (56) Aronian,L (2793)-Giri,A (2771) Leuven 2017}) 12... Qe7 13. dxe5 {[%emt 0:03:29] LiveBook: 26 Games} Bxe5 14. Nxe5 Nxe5 15. h3 Ned7 $146 ({Predecessor:} 15... Rfd8 16. Be3 a6 17. f4 Ng6 18. e5 Nd5 19. Nxd5 Rxd5 {1-0 (31) Cheremnova,T (2245)-Zaichenko,D (2145) Irkutsk 2010}) 16. a3 a5 17. Be3 Rfc8 18. f3 b4 19. axb4 axb4 20. Rxa8 Bxa8 21. Na4 c5 22. Ba6 Rc6 23. Bb5 Rc8 24. b3 Bb7 25. Rc1 Qd8 26. Qd2 Qe7 27. Qf2 Qd8 28. Nxc5 Nxc5 29. Rxc5 Rxc5 30. Bxc5 Qd1+ 31. Kh2 Qxb3 32. Qd4 h6 33. e5 Nd5 34. Bc4 Qc3 35. Qe4 b3 {[%emt 0:01:09] [#]} 36. e6 $16 fxe6 37. Qxe6+ Kh8 38. Qe8+ Kh7 39. Qe4+ Kh8 40. Bd4 Qxc4 41. Bxg7+ Kxg7 42. Qxc4 b2 43. Qd4+ Kg6 44. Qxb2 Bc8 45. g4 Be6 46. Qe5 Kf7 47. f4 1-0

[Event "IIFL Wealth  4th Mumbai Junior U-13"]
[Site "Mumbai"]
[Date "2019.01.03"]
[Round "5"]
[White "Shah Jeet"]
[Black "Balkawade Sai"]
[Result "1-0"]
[ECO "C18"]
[WhiteElo "1904"]
[BlackElo "1482"]
[Annotator "NA RC"]
[PlyCount "34"]
[EventDate "2018.12.30"]
[EventType "swiss"]
[EventCountry "IND"]
[SourceTitle "playchess.com"]
[Source "ChessBase"]
[SourceQuality "1"]
[TimeControl "40/5400+30:1800+30"]

1. e4 e6 2. d4 d5 3. Nc3 Bb4 4. e5 c5 5. a3 Bxc3+ 6. bxc3 Ne7 7. Qg4 Qc7 8. Qxg7 Rg8 9. Qxh7 cxd4 10. Ne2 Nbc6 11. f4 Bd7 12. Qd3 ({Of course not} 12. cxd4 Nxd4 13. Ra2 Nxe2 $17) 12... dxc3 13. Nxc3 a6 14. Rb1 Na5 $14 {[%emt 0:02:10] LiveBook: 74 Games} 15. Rg1 Rc8 16. Bd2 Nc4 17. Ne2 Bb5 1-0

[Event "IIFL Wealth  4th Mumbai Junior U-13"]
[Site "Mumbai"]
[Date "2019.01.03"]
[Round "5"]
[White "Barde Om"]
[Black "Raghu Ram Reddy Seelam"]
[Result "1/2-1/2"]
[ECO "C50"]
[WhiteElo "1801"]
[BlackElo "1472"]
[Annotator "NA RC"]
[PlyCount "88"]
[EventDate "2018.12.30"]
[EventType "swiss"]
[EventCountry "IND"]
[SourceTitle "playchess.com"]
[Source "ChessBase"]
[SourceQuality "1"]
[TimeControl "40/5400+30:1800+30"]

1. e4 e5 2. Nf3 Nc6 3. Bc4 Bc5 4. d3 Nf6 5. c3 a6 6. Bb3 {[%emt 0:01:44] LiveBook: 1181 Games} Ba7 7. Bg5 {[%emt 0:01:54] C54: Giuoco Piano: 4 c3 Nf6, main lines with 5 d4 and 5 d3} (7. h3 O-O 8. Qe2 d6 9. Nbd2 Nd7 10. g4 Nc5 11. Bc2 Ne6 12. Nf1 Ne7 13. Ng3 Ng6 14. Nh5 b5 {0-1 (55) Jovanovic,Z (2537)-Adhiban,B (2682) Zagreb 2018}) 7... d6 8. h3 h6 9. Bh4 Qe7 10. Nbd2 Be6 11. Qe2 g5 12. Bg3 Rg8 13. O-O-O O-O-O 14. Kb1 $146 ({Predecessor:} 14. Ba4) 14... Bb6 15. Bc2 Qe8 16. Nf1 ({White should try} 16. Bh2 $11) 16... Qe7 17. Qe1 Rde8 18. a3 Nh5 19. Qd2 f5 20. Bh2 fxe4 21. dxe4 Qf6 22. Qe2 Nf4 23. Bxf4 gxf4 24. Rh2 Re7 25. N1d2 Reg7 26. Ne1 Qh4 27. f3 Qf2 $17 (27... Bg1 $19 28. Rh1 Bf2) 28. g4 Qxe2 29. Rxe2 h5 30. Bb3 Bxb3 31. Nxb3 hxg4 32. hxg4 Rh8 33. Nd3 Rh3 34. Rf1 Ne7 35. Nd2 Ng6 36. Kc2 Nh4 37. Kd1 Rh7 38. Ne1 Ng6 39. Rg2 Nh4 40. Re2 Ng6 41. Rg2 Nh4 42. Re2 Ng6 43. Rg2 Nh4 44. Re2 Kd7 1/2-1/2

[Event "IIFL Wealth  4th Mumbai Junior U-13"]
[Site "Mumbai"]
[Date "2019.01.03"]
[Round "5"]
[White "Devesh Anand Naik"]
[Black "Parab Ram Vishal"]
[Result "1-0"]
[ECO "C65"]
[WhiteElo "1763"]
[BlackElo "1242"]
[Annotator "NA"]
[PlyCount "91"]
[EventDate "2018.12.30"]
[EventType "swiss"]
[EventCountry "IND"]
[SourceTitle "playchess.com"]
[Source "ChessBase"]
[SourceQuality "1"]
[TimeControl "40/5400+30:1800+30"]

1. e4 e5 2. Nf3 Nc6 3. Bb5 Bc5 4. O-O Nf6 5. d3 d6 6. c3 O-O 7. h3 Bd7 8. Nbd2 Qe7 9. Re1 a6 10. Ba4 Rfe8 11. Nf1 h6 12. Ng3 Rad8 13. d4 Bb6 14. Bc2 exd4 15. cxd4 Ba5 16. Bd2 Bxd2 17. Qxd2 Qf8 18. a3 a5 19. d5 Ne5 20. Nxe5 Rxe5 21. f4 Ree8 22. Qxa5 b6 23. Qc3 Rc8 24. Qd3 g6 25. Kh2 Qg7 26. Bb3 Nh7 27. Re3 Qxb2 28. Rae1 Qxa3 29. e5 dxe5 30. fxe5 Kg7 31. e6 Ba4 32. Qd4+ f6 33. Bxa4 Qe7 34. Bxe8 Rxe8 35. Qg4 Ng5 36. Qf4 b5 37. Rc3 Rc8 38. d6 Qf8 39. d7 Rd8 40. e7 Qg8 41. exd8=Q Qxd8 42. Qxc7 Qxc7 43. Rxc7 b4 44. d8=Q+ Nf7 45. Rxf7+ Kxf7 46. Re7# 1-0

[Event "IIFL Wealth  4th Mumbai Junior U-13"]
[Site "Mumbai"]
[Date "2019.01.03"]
[Round "5"]
[White "Sadbhav Rautela"]
[Black "Varshita Jain"]
[Result "1-0"]
[ECO "C42"]
[WhiteElo "1746"]
[BlackElo "1461"]
[Annotator "NA"]
[PlyCount "45"]
[EventDate "2018.12.30"]
[EventType "swiss"]
[EventCountry "IND"]
[SourceTitle "playchess.com"]
[Source "ChessBase"]
[SourceQuality "1"]
[TimeControl "40/5400+30:1800+30"]

1. e4 e5 2. Nf3 Nf6 3. Nxe5 d6 4. Nf3 Nxe4 5. Nc3 Nxc3 6. dxc3 Be7 7. Be3 O-O 8. Qd2 d5 9. O-O-O c6 10. Bd3 Be6 11. Kb1 c5 12. h4 c4 13. Be2 a5 14. g4 Nc6 15. g5 f6 16. h5 b5 17. g6 b4 18. h6 hxg6 19. hxg7 Re8 20. Bd4 Nxd4 21. Nxd4 Qb6 22. Qh6 bxc3 23. Qh7+ 1-0

[Event "IIFL Wealth  4th Mumbai Junior U-13"]
[Site "Mumbai"]
[Date "2019.01.03"]
[Round "5"]
[White "Mayank Chakraborty"]
[Black "Laddha, Yash Jayesh"]
[Result "1-0"]
[ECO "B52"]
[WhiteElo "1691"]
[BlackElo "1449"]
[Annotator "NA RC"]
[PlyCount "165"]
[EventDate "2018.12.30"]
[EventType "swiss"]
[EventCountry "IND"]
[SourceTitle "playchess.com"]
[Source "ChessBase"]
[SourceQuality "1"]
[TimeControl "40/5400+30:1800+30"]

1. e4 c5 2. Nf3 d6 3. Bb5+ Bd7 4. Bxd7+ Nxd7 5. Nc3 Ngf6 6. d3 g6 7. O-O Bg7 8. Bf4 O-O 9. Qd2 a6 10. a4 b6 11. Bh6 Rb8 12. Bxg7 Kxg7 13. Qe2 e5 14. Nd2 Nh5 15. Qe3 Ndf6 16. Qf3 Nf4 17. Ne2 N6h5 18. Nxf4 Nxf4 19. g3 Ne6 20. Qg2 f5 21. f3 Nd4 22. Nc4 b5 23. axb5 axb5 24. Ra7+ Rf7 25. Rxf7+ Kxf7 26. Ne3 Qg5 27. Nd5 Ne6 28. Ra1 Rb7 29. f4 exf4 30. exf5 gxf5 31. Nxf4 Re7 32. Qd5 Qf6 33. Re1 Qd4+ 34. Qxd4 Nxd4 35. Rxe7+ Kxe7 36. c3 Nc6 37. Nd5+ Kf7 38. Kf2 Ne5 39. Ke2 h6 40. Nc7 b4 41. cxb4 cxb4 42. Nd5 b3 43. Ne3 Ke6 44. d4 Ng4 45. h3 Nf6 46. Kd3 h5 47. Ng2 Kd5 48. Nf4+ Kc6 49. Kc4 Ne4 50. Nxh5 Nf2 51. Nf4 Ne4 52. Ne2 Nd2+ 53. Kc3 Nf3 54. Kxb3 Kd5 55. Kc3 Ke4 56. b4 Ke3 57. b5 Ng5 58. b6 Ne4+ 59. Kc4 Nf6 60. Nf4 Kf3 61. b7 Nd7 62. Nh5 Kg2 63. h4 Kh3 64. Kb5 Nb8 65. Ng7 Kxg3 66. Nxf5+ Kg4 67. Ne7 Kxh4 68. Nc6 Nd7 69. b8=Q Nxb8 70. Nxb8 Kg4 71. d5 Kf5 72. Kc6 Ke5 73. Na6 Kf6 74. Kxd6 Kf7 75. Nc7 Kf8 76. Ke6 Kg7 77. d6 Kf8 78. d7 Kg7 79. d8=Q Kg6 80. Qg8+ Kh5 81. Kf5 Kh4 82. Kf4 Kh5 83. Qh7# 1-0

[Event "IIFL Wealth  4th Mumbai Junior U-13"]
[Site "Mumbai"]
[Date "2019.01.03"]
[Round "5"]
[White "Pawar, Harshit"]
[Black "Arjun Sidharth S"]
[Result "1-0"]
[ECO "B20"]
[WhiteElo "1671"]
[BlackElo "1489"]
[Annotator "NA RC"]
[PlyCount "111"]
[EventDate "2018.12.30"]
[EventType "swiss"]
[EventCountry "IND"]
[SourceTitle "playchess.com"]
[Source "ChessBase"]
[SourceQuality "1"]
[TimeControl "40/5400+30:1800+30"]

1. e4 c5 2. a3 Nc6 3. b4 cxb4 4. axb4 Nxb4 5. c3 Nc6 6. d4 d6 7. Bd3 g6 8. Be3 a6 9. Ne2 Bg7 10. O-O Nf6 11. f3 O-O 12. Nd2 e5 13. d5 Ne7 14. Qc2 Nd7 15. Nb3 f5 16. Rfb1 f4 17. Bf2 g5 18. Na5 Qc7 19. Rb4 b6 20. Nc6 Nxc6 21. dxc6 Nc5 22. Bxc5 dxc5 23. Qb3+ Kh8 24. Rxb6 g4 25. Kh1 Rf6 26. fxg4 Rxc6 27. Rxc6 Qxc6 28. Bc4 Qb7 29. Qd1 Qd7 30. Qc2 Qxg4 31. Rd1 Be6 32. h3 Qg6 33. Rd6 Re8 34. Qa4 Qf7 35. Rxe6 Rxe6 36. Qb3 f3 37. Ng3 f2 38. Nf1 Rb6 39. Bxf7 Rxb3 40. Bxb3 Bh6 41. g3 Bc1 42. Kg2 Bb2 43. c4 Bd4 44. Nh2 Kg7 45. Ng4 Kf7 46. Nxf2 Ke6 47. Ng4 h5 48. Nh6 Kd6 49. Bd1 Kc6 50. Bxh5 Kb6 51. Nf7 Ka5 52. Nd6 Kb4 53. Bd1 a5 54. g4 a4 55. Bxa4 Kxa4 56. g5 1-0

[Event "IIFL Wealth  4th Mumbai Junior U-13"]
[Site "Mumbai"]
[Date "2019.01.03"]
[Round "5"]
[White "Shreyas Ghadi"]
[Black "Tikam Aradhya"]
[Result "1-0"]
[ECO "D85"]
[WhiteElo "1653"]
[BlackElo "1332"]
[Annotator "NA RC"]
[PlyCount "149"]
[EventDate "2018.12.30"]
[EventType "swiss"]
[EventCountry "IND"]
[SourceTitle "playchess.com"]
[Source "ChessBase"]
[SourceQuality "1"]
[TimeControl "40/5400+30:1800+30"]

1. d4 Nf6 2. c4 g6 3. Nc3 d5 4. cxd5 Nxd5 5. Bd2 Bg7 6. e4 Nxc3 7. Bxc3 b6 8. Nf3 Bb7 9. Qc2 Nd7 10. Bc4 O-O 11. e5 e6 12. O-O-O Qe7 13. h4 h5 14. Qe2 a6 15. a3 b5 16. Ba2 Rfc8 17. b4 Nb6 18. Kb1 Nd5 19. Bxd5 Bxd5 20. Rdg1 Bc4 21. Qe3 f5 22. exf6 Qxf6 23. Kb2 Bd5 24. Rh3 Rf8 25. Rc1 c6 26. Rc2 Qf4 27. Qe1 Rae8 28. Re2 Qd6 29. Ne5 Bxe5 30. dxe5 Qd7 31. Rg3 Kh7 32. Rg5 Rg8 33. Qb1 Rg7 34. Rxh5+ Kg8 35. Rg5 Qf7 36. Rg4 Qf5 37. Qxf5 gxf5 38. Rxg7+ Kxg7 39. g3 Kg6 40. Rd2 Kf7 41. Bd4 Rg8 42. Be3 Kg6 43. Kc3 Ra8 44. Bb6 Rb8 45. Ba5 Kf7 46. Kd4 Ke7 47. Bc7 Rb7 48. Bd6+ Kf7 49. Kc5 Kg6 50. Rd4 Kh5 51. Rf4 Be4 52. g4+ Kg6 53. f3 Bd5 54. gxf5+ exf5 55. e6 Bxe6 56. Kxc6 Rd7 57. Rd4 Rh7 58. Bc7 Rh8 59. Bd8 Kf7 60. Kb7 Rh6 61. Bg5 Rg6 62. f4 Bc4 63. h5 Re6 64. Rd7+ Ke8 65. Rd8+ Kf7 66. h6 Kg6 67. Rd7 Re8 68. Rg7+ Kh5 69. h7 Bd5+ 70. Kxa6 Rh8 71. Kxb5 Rb8+ 72. Ka6 Bc4+ 73. Ka7 Rh8 74. Rc7 Be6 75. Bf6 1-0

[Event "IIFL Wealth  4th Mumbai Junior U-13"]
[Site "Mumbai"]
[Date "2019.01.03"]
[Round "5"]
[White "Kadam Rishi R"]
[Black "Kriti Mayur Patel"]
[Result "1-0"]
[ECO "C50"]
[WhiteElo "1604"]
[BlackElo "1439"]
[Annotator "NA"]
[PlyCount "27"]
[EventDate "2018.12.30"]
[EventType "swiss"]
[EventCountry "IND"]
[SourceTitle "playchess.com"]
[Source "ChessBase"]
[SourceQuality "1"]
[TimeControl "40/5400+30:1800+30"]

1. e4 e5 2. Nf3 Nc6 3. Bc4 Nf6 4. d3 Bc5 5. c3 d6 6. O-O a6 7. Bb3 Ba7 8. Nbd2 Ne7 9. Re1 Ng6 10. Nf1 Nh5 11. Bxf7+ Kxf7 12. Ng5+ Kf8 13. Qxh5 Qf6 14. Qf3 1-0

[Event "IIFL Wealth  4th Mumbai Junior U-13"]
[Site "Mumbai"]
[Date "2019.01.03"]
[Round "5"]
[White "Bang Atharva"]
[Black "Agarwal Mukund H"]
[Result "1-0"]
[ECO "D05"]
[WhiteElo "1582"]
[BlackElo "1375"]
[Annotator "NA RC"]
[PlyCount "95"]
[EventDate "2018.12.30"]
[EventType "swiss"]
[EventCountry "IND"]
[SourceTitle "playchess.com"]
[Source "ChessBase"]
[SourceQuality "1"]
[TimeControl "40/5400+30:1800+30"]

1. d4 Nf6 2. Nf3 d5 3. e3 e6 4. Bd3 Be7 5. O-O Nbd7 6. b3 O-O 7. Bb2 b6 8. Nbd2 Bb7 9. Ne5 c5 10. f4 Re8 11. Ndf3 Nxe5 12. Nxe5 Bd6 13. Qe2 Bxe5 14. fxe5 Ne4 15. Rad1 Qg5 16. Bxe4 dxe4 17. Qf2 Qg6 18. dxc5 Ba6 19. c4 bxc5 20. Rd7 Qf5 21. Qxf5 exf5 22. Rxf5 Bc8 23. Rfxf7 Bxd7 24. Rxd7 Rad8 25. Rd5 Kf7 26. Bc3 Rc8 27. Kf2 Red8 28. Ba5 Re8 29. Kg3 g5 30. Kg4 Ke6 31. Rd6+ Kxe5 32. Ra6 h5+ 33. Kxh5 Rcd8 34. Bc3+ Rd4 35. exd4+ cxd4 36. Ra5+ Kf4 37. Bxd4 e3 38. g3+ Kf3 39. Re5 Rxe5 40. Bxe5 Ke4 41. Bc3 Kd3 42. Ba5 Kc2 43. c5 Kb2 44. c6 Ka1 45. c7 g4 46. c8=Q e2 47. Qc2 a6 48. Bc3# 1-0

[Event "IIFL Wealth  4th Mumbai Junior U-13"]
[Site "Mumbai"]
[Date "2019.01.03"]
[Round "5"]
[White "Laddha, Shubh Jayesh"]
[Black "Amrit Raunak"]
[Result "1-0"]
[ECO "C70"]
[WhiteElo "1567"]
[BlackElo "1410"]
[Annotator "NA"]
[PlyCount "101"]
[EventDate "2018.12.30"]
[EventType "swiss"]
[EventCountry "IND"]
[SourceTitle "playchess.com"]
[Source "ChessBase"]
[SourceQuality "1"]
[TimeControl "40/5400+30:1800+30"]

1. e4 e5 2. Nf3 Nc6 3. Bb5 a6 4. Ba4 b5 5. Bb3 Nf6 6. O-O Bc5 7. a4 b4 8. d3 h6 9. h3 d6 10. c3 a5 11. d4 exd4 12. cxd4 Bb6 13. Re1 O-O 14. Bc2 Bb7 15. e5 dxe5 16. dxe5 Qxd1 17. Rxd1 Nh7 18. Bf4 Rfd8 19. Nbd2 Nf8 20. Nc4 Bc5 21. Be4 Ne6 22. Bg3 Rxd1+ 23. Rxd1 Ncd8 24. Bxb7 Nxb7 25. Rd7 Rd8 26. Rxd8+ Nexd8 27. Nfd2 Nc6 28. Nb3 Kf8 29. e6 Bd6 30. Bxd6+ cxd6 31. exf7 Kxf7 32. Kf1 Ke6 33. Ke2 Kd5 34. Kd3 Ne5+ 35. Nxe5 dxe5 36. f3 g6 37. g3 Nc5+ 38. Nxc5 Kxc5 39. b3 Kd5 40. h4 h5 41. g4 Kd6 42. Kc4 hxg4 43. fxg4 Ke6 44. Kc5 Ke7 45. Kd5 Kf6 46. Ke4 Ke6 47. h5 gxh5 48. gxh5 Kf6 49. h6 Kg6 50. Kxe5 Kxh6 51. Kd5 1-0

[Event "IIFL Wealth  4th Mumbai Junior U-13"]
[Site "Mumbai"]
[Date "2019.01.03"]
[Round "5"]
[White "Sarvade Mihiir"]
[Black "Tawade Arnav"]
[Result "1-0"]
[ECO "D30"]
[WhiteElo "1563"]
[BlackElo "1285"]
[Annotator "NA"]
[PlyCount "106"]
[EventDate "2018.12.30"]
[EventType "swiss"]
[EventCountry "IND"]
[SourceTitle "playchess.com"]
[Source "ChessBase"]
[SourceQuality "1"]
[TimeControl "40/5400+30:1800+30"]

1. d4 d5 2. c4 c6 3. Nf3 Nf6 4. e3 e6 5. Nbd2 Nbd7 6. Bd3 dxc4 7. Nxc4 b5 8. Nce5 Nxe5 9. Nxe5 Bb7 10. a4 a6 11. O-O Be7 12. Bd2 O-O 13. b4 Bd6 14. Qc2 Rc8 15. a5 h6 16. f4 Qc7 17. Qd1 Rce8 18. Qe1 Qe7 19. Rb1 Nd5 20. e4 Nf6 21. Qg3 Nh5 22. Qh3 Nf6 23. Nf3 Bb8 24. Rfe1 Bc8 25. Ne5 Bb7 26. g4 Nd7 27. Nxd7 Qxd7 28. Be3 Ba7 29. Rbd1 Bxd4 30. Bxb5 Bxe3+ 31. Qxe3 Qe7 32. Bd3 Qxb4 33. Rb1 Qe7 34. Qa7 Bc8 35. Qb6 Qd6 36. Qe3 Rd8 37. Red1 Qd4 38. Kf2 Qxe3+ 39. Kxe3 Rd7 40. Bc2 Rxd1 41. Rxd1 Bb7 42. Rb1 Bc8 43. Rb8 Bd7 44. Rxf8+ Kxf8 45. Kd4 c5+ 46. Kxc5 Bb5 47. Kd6 g6 48. Bd1 Ke8 49. g5 hxg5 50. fxg5 Kd8 51. h4 Ke8 52. h5 gxh5 53. Bxh5 Kf8 1-0

[Event "IIFL Wealth  4th Mumbai Junior U-13"]
[Site "Mumbai"]
[Date "2019.01.03"]
[Round "5"]
[White "Adireddy Tarun"]
[Black "Adreeja Sinha"]
[Result "1-0"]
[ECO "D45"]
[WhiteElo "1553"]
[BlackElo "1366"]
[Annotator "NA RC"]
[PlyCount "73"]
[EventDate "2018.12.30"]
[EventType "swiss"]
[EventCountry "IND"]
[SourceTitle "playchess.com"]
[Source "ChessBase"]
[SourceQuality "1"]
[TimeControl "40/5400+30:1800+30"]

1. d4 d5 2. c4 c6 3. Nc3 Nf6 4. e3 e6 5. Nf3 Be7 6. Qc2 Nbd7 7. b3 dxc4 8. bxc4 Nb6 9. e4 Bb4 10. Bd2 c5 11. d5 exd5 12. exd5 Qe7+ 13. Kd1 Ng4 14. Be1 Qf6 15. Rc1 Bf5 16. Bd3 Bg6 17. Ne4 Bxe4 18. Bxe4 Ba3 19. Rb1 Kf8 20. h3 Nh6 21. Bc3 Qe7 22. Re1 Qd7 23. Qd2 Nxc4 24. Bxg7+ Kxg7 25. Qg5+ Kf8 26. Qxh6+ Kg8 27. Qg5+ Kf8 28. Qh6+ Kg8 29. Rb3 f5 30. Nh4 Qa4 31. Nxf5 Nb2+ 32. Kc2 Qd7 33. Rg3+ Kf7 34. Qg7+ Ke8 35. Qxh8+ Kf7 36. Qg7+ Ke8 37. Qg8# {[%emt 0:00:04] Qd8 Qg5} 1-0

[Event "IIFL Wealth  4th Mumbai Junior U-13"]
[Site "Mumbai"]
[Date "2019.01.03"]
[Round "5"]
[White "Bajaj Prakhar"]
[Black "Sushanth Kamabathula"]
[Result "1/2-1/2"]
[ECO "C87"]
[WhiteElo "1551"]
[BlackElo "1267"]
[Annotator "NA"]
[PlyCount "36"]
[EventDate "2018.12.30"]
[EventType "swiss"]
[EventCountry "IND"]
[SourceTitle "playchess.com"]
[Source "ChessBase"]
[SourceQuality "1"]
[TimeControl "40/5400+30:1800+30"]

1. e4 e5 2. Nf3 Nc6 3. Bb5 a6 4. Ba4 Nf6 5. O-O Be7 6. Re1 d6 7. c3 b5 8. Bb3 Bg4 9. d3 O-O 10. Nbd2 Na5 11. Bc2 c5 12. h3 Bh5 13. Nf1 Nc6 14. Ng3 Bg6 15. Nf5 Bxf5 16. exf5 Qc7 17. g4 d5 18. g5 Nd7 1/2-1/2

[Event "IIFL Wealth  4th Mumbai Junior U-13"]
[Site "Mumbai"]
[Date "2019.01.03"]
[Round "5"]
[White "Rushyendra Chowdary Kantipudi"]
[Black "Kadam Om Manish"]
[Result "0-1"]
[ECO "B53"]
[WhiteElo "1527"]
[BlackElo "1944"]
[Annotator "NA RC"]
[PlyCount "92"]
[EventDate "2018.12.30"]
[EventType "swiss"]
[EventCountry "IND"]
[SourceTitle "playchess.com"]
[Source "ChessBase"]
[SourceQuality "1"]
[TimeControl "40/5400+30:1800+30"]

1. e4 c5 2. Nf3 d6 3. d4 cxd4 4. Qxd4 a6 5. Bc4 {[%emt 0:03:27] LiveBook: 44 Games} Nc6 {[%emt 0:01:22] B53: Sicilian: 2...d6: Lines with Qxd4} 6. Qe3 (6. Qd3 e6 7. Nc3 Nf6 8. Bf4 Be7 9. O-O-O Ng4 10. Rhf1 Na5 11. h3 Nf6 12. Bb3 Nxb3+ 13. axb3 {1-0 (27) Zhigalko,S (2656)-Nepomniachtchi,I (2705) Berlin 2015}) 6... e6 7. Nc3 Nf6 8. h3 Be7 9. Nd4 $146 ({Predecessor:} 9. O-O O-O 10. Rd1 Qc7 11. Nh4 Na5 12. Be2 b5 {0-1 (42) Duran Ladino,J-Ruiz Jaraba,G (1773) Palmira 2017}) 9... O-O 10. Bd2 Bd7 11. g4 {[%emt 0:08:10] [#]} (11. Nf3 $11) 11... d5 $1 12. Bd3 e5 13. Nxc6 Bxc6 14. exd5 Nxd5 15. Nxd5 Qxd5 16. Rg1 Rad8 17. Bc3 Bc5 18. Qg3 e4 19. Be2 e3 20. fxe3 Bxe3 21. Qxe3 Rfe8 22. Qd4 {[%emt 0:00:40] [#]} Rxe2+ $1 {[%emt 0:01:04] Remove Defender} 23. Kd1 Qxd4+ 24. Bxd4 Bf3 25. c3 Rg2+ 26. Ke1 Rxb2 27. Rg3 Re8+ 28. Kf1 Bd5 29. Re3 Rxe3 30. Bxe3 Bxa2 31. Rd1 Bc4+ 32. Kg1 h6 33. Rd2 Rxd2 34. Bxd2 a5 35. Be3 Kf8 36. Bb6 a4 37. Bc5+ Ke8 38. Kf2 Kd7 39. Ke3 Ke6 40. h4 g6 41. Kf4 $19 Kd5 42. Bb4 Bf1 43. g5 hxg5+ 44. hxg5 Kc4 45. Ke3 Kb3 46. Kd2 a3 0-1

[Event "IIFL Wealth  4th Mumbai Junior U-13"]
[Site "Mumbai"]
[Date "2019.01.03"]
[Round "5"]
[White "Ratnapriya K"]
[Black "Zia, Tahsin Tajwar"]
[Result "0-1"]
[ECO "B68"]
[WhiteElo "1516"]
[BlackElo "1925"]
[Annotator "NA RC"]
[PlyCount "116"]
[EventDate "2018.12.30"]
[EventType "swiss"]
[EventCountry "IND"]
[SourceTitle "playchess.com"]
[Source "ChessBase"]
[SourceQuality "1"]
[TimeControl "40/5400+30:1800+30"]

1. e4 c5 2. Nf3 d6 3. d4 cxd4 4. Nxd4 Nf6 5. Nc3 Nc6 6. Bg5 e6 7. Qd2 a6 8. O-O-O Bd7 9. f4 Be7 10. Qe1 {[%emt 0:01:37] LiveBook: 6 Games B68: Sicilian: Richter-Rauzer: 7...a6 8 0-0-0 Bd7 9 f4 Be7} (10. Nb3 $14) (10. Nf3 b5 11. Bd3 b4 12. Ne2 Qc7 13. h4 a5 14. h5 h6 15. Bxf6 gxf6 16. Kb1 Rb8 17. f5 e5 18. Nh2 a4 19. Ng4 Na5 20. b3 {1-0 (56) Shirov,A (2636)-Le,Q (2715) Douglas 2018}) 10... Qc7 11. Kb1 b5 12. Nxc6 Bxc6 13. Bxf6 gxf6 14. Bd3 Qb7 15. Qe3 O-O-O $146 ({Predecessor:} 15... b4 16. Ne2 d5 {1-0 (36) Videki,S (2405)-Varga,P (2330) Sarospatak 1994}) 16. Rhe1 Kb8 17. Ne2 d5 18. Nd4 Bc5 19. Nxc6+ Qxc6 20. Qf3 d4 21. e5 Qxf3 22. gxf3 f5 23. Rg1 Rhg8 24. Rg5 Rg6 25. Rdg1 Be7 26. R5g3 Bh4 27. Rxg6 hxg6 28. Rg2 Kb7 29. Kc1 Be7 30. Kd2 Bf8 31. Ke1 Bh6 32. Re2 Bxf4 33. Kf1 Rd5 34. h3 Bxe5 35. Kg2 Bf4 36. h4 Rd8 37. Re1 Rh8 38. Rh1 Kb6 39. b4 Bd6 40. a3 Kc6 41. Be2 Kd5 42. f4 Bxf4 43. Bf3+ Kd6 44. Bb7 Rb8 $19 45. Bxa6 Rb6 46. Bxb5 Rxb5 47. Rb1 Bd2 48. Kf2 e5 49. Ke2 Bc3 50. Kd3 Kd5 51. Rb3 e4+ 52. Ke2 f4 53. Kf2 f3 54. Rxc3 dxc3 55. Ke3 f5 56. h5 f4+ 57. Kxf4 f2 58. Kg5 f1=Q 0-1